 Dungeon Crawl Stone Soup version 0.28.0-45-g0d030f2227 (webtiles) character file.

Game seed: 14168161232597401836

72 Peloso the Covered (level 4, -5/40 HPs)
             Began as a Minotaur Fighter on Apr 9, 2022.
             Slain by a steam dragon (8 damage)
             ... on level 3 of the Dungeon.
             The game lasted 00:02:54 (2896 turns).

Peloso the Covered (Minotaur Fighter)               Turns: 2896, Time: 00:02:56

Health: -5/40      AC:  8    Str: 21    XL:     4   Next: 7%
Magic:  3/3        EV:  9    Int:  5    God:
Gold:   101        SH:  4    Dex: 11    Spells: 3/3 levels left

rFire   . . .      SeeInvis +   a - +0 long sword
rCold   . . .      Faith    .   c - +0 buckler
rNeg    . . .      Spirit   .   p - +0 scale mail
rPois   .          Reflect  .   (helmet restricted)
rElec   .          Harm     .   (no cloak)
rCorr   .          Rampage  .   o - +0 pair of gloves
Will    .....                   (no boots)
Stlth   ..........              (no amulet)
HPRegen 0.13/turn               f - ring of flight
MPRegen 0.08/turn               e - ring of see invisible

@: flying
A: horns 2, retaliatory headbutt
a: no special abilities


You were on level 3 of the Dungeon.
You visited 1 branch of the dungeon, and saw 3 of its levels.

You collected 101 gold pieces.

Inventory:

Hand Weapons
 a - a +0 long sword (weapon)
Armour
 c - a +0 buckler (worn)
 o - a +0 pair of gloves (worn)
 p - a +0 scale mail (worn)
Magical Staves
 b - a staff of fire
Jewellery
 e - a ring of see invisible (right hand)
 f - a ring of flight (left hand)
 n - a ring of willpower
Scrolls
 g - a scroll of acquirement {unknown}
 h - a scroll of teleportation {unknown}
 i - a scroll of blinking {unknown}
 j - a scroll of identify {unknown}
 k - a scroll of vulnerability {unknown}
 q - 3 scrolls of torment {unknown}
 r - a scroll of fear {unknown}
Potions
 d - a potion of might
 l - a potion of attraction {unknown}
 m - a potion of curing {unknown}


   Skills:
 + Level 4.0 Fighting
 + Level 3.4 Long Blades
 + Level 4.5 Armour
 + Level 0.8 Dodging
 + Level 4.1 Shields


You had 3 spell levels left.
You didn't know any spells.
Your spell library contained the following spells:

 Spells                   Type           Power      Damage    Failure   Level
 Beastly Appendage        Tmut           0%         N/A       88%         1
 Wereblood                Tmut           0%         N/A       95%         2
 Spider Form              Tmut/Pois      0%         N/A       99%         3


Dungeon Overview and Level Annotations

Branches:
Dungeon (3/15)

Altars:
Elyvilon


Innate Abilities, Weirdness & Mutations

You have a pair of horns on your head.
You reflexively headbutt those who attack you in melee.


Message History

You have reached level 4!
You feel stronger.
Unknown command.
You start resting.
You feel sick. x3
You are no longer poisoned.
You start resting.
HP restored.
You fly downwards.
The steam dragon breathes steam at you. The ball of steam hits you.
There is a stone staircase leading up here.
You are engulfed in a cloud of scalding steam.
You are engulfed in a cloud of scalding steam.
You block the steam dragon's attack. The steam dragon claws you.
You slash the steam dragon! You headbutt the steam dragon!
The steam dragon is heavily wounded.
You are engulfed in a cloud of scalding steam.
The steam dragon bites you! You block the steam dragon's attack.
You hit the steam dragon.
The steam dragon is severely wounded.
The steam dragon closely misses you.
The steam dragon claws you but does no damage.
The steam dragon barely misses you. You block the steam dragon's attack.
You hit the steam dragon.
The steam dragon is severely wounded.
The steam dragon breathes steam at you. The ball of steam hits you!
You closely miss the steam dragon. Your headbutt misses the steam dragon.
The steam dragon is severely wounded.
You are engulfed in a cloud of scalding steam.
* * * LOW HITPOINT WARNING * * *
You block the steam dragon's attack. The steam dragon claws you.
* * * LOW HITPOINT WARNING * * *
You hit the steam dragon but do no damage.
The steam dragon is severely wounded.
You are engulfed in a cloud of scalding steam.
You block the steam dragon's attack. The steam dragon claws you.
* * * LOW HITPOINT WARNING * * *
The steam dragon bites you!
You die...

## #..... .# .# #..... .# ....#
#..... .# ...# ###### .#.# ...#
#### [#.# ..## #... .#.# ...#
#...
.#.###.#.###########..########...
..............§§@D...............
.#.###.#......§#####..###########
.#.###...##......................
.......# #.#########.###########
.#.##### # #............
.#.#####.## #############
........... # ##.#####.## # #.# #


You could see a steam dragon.

Vanquished Creatures
  An adder (D:2)
  2 worms (D:2)
  A dart slug (D:2)
  An orc (D:3)
  7 bats
  7 endoplasms
  2 giant cockroaches
  2 goblins (D:1)
  2 hobgoblins
  9 quokkas
  4 ball pythons
  3 frilled lizards (D:1)
  5 kobolds
  4 rats (D:1)
50 creatures vanquished.

Notes
Turn   | Place    | Note
-------+----------+-------------------------------------------
     0 | D:1      | Peloso the Minotaur Fighter began the quest for the Orb.
     0 | D:1      | Reached XP level 1. HP: 19/19 MP: 0/0
   484 | D:1      | Reached XP level 2. HP: 26/27 MP: 1/1
  1236 | D:1      | Reached XP level 3. HP: 33/33 MP: 2/2
  2063 | D:2      | Found a white marble altar of Elyvilon.
  2717 | D:3      | Noticed a steam dragon
  2733 | D:2      | Reached XP level 4. HP: 22/40 MP: 3/3
  2896 | D:3      | Slain by a steam dragon

Illustrated notes

Levels and vault maps discovered:
D:1:      dpeg_arrival_castle, layout_basic
D:2:      layout_loops_corners, basic_altar
D:3:      layout_basic, uniq_robin

Skill      XL: |  1  2  3 |
---------------+----------+-----
Armour         | 4 |  4.5
Shields        | 4 |  4.1
Fighting       | 4 |  4.0
Long Blades    | 3 |  3.4
Dodging        | |  0.8

Action                   |  1- 3 |  4- 6 || total
-------------------------+-------+-------++-------
Melee: Long sword        |   115 |     5 ||   120
       Headbutt          |     8 |     1 ||     9
Armor: Scale mail        |    57 |     3 ||    60
Dodge: Dodged            |    67 |     2 ||    69
Block: Buckler           |    18 |     5 ||    23
